[Event "TUR-ch Veterans 2019"]
[Site "Belek"]
[Date "2019.01.20"]
[Round "1.2"]
[White "Buker, Muhittin"]
[Black "Paksoy, Eray"]
[Result "1-0"]
[ECO "D52"]
[WhiteElo "1978"]
[BlackElo "1460"]
[Annotator "NA"]
[PlyCount "75"]
[EventDate "2019.01.20"]
[EventType "swiss"]
[EventCountry "TUR"]
[SourceTitle "playchess.com"]
[Source "ChessBase"]
[SourceQuality "1"]
[TimeControl "5400+30"]

1. d4 d5 2. c4 e6 3. Nc3 Nf6 4. Bg5 Nbd7 5. Nf3 c6 6. e3 Qa5 7. Bxf6 Nxf6 8. Nd2 Bb4 9. Qc2 O-O 10. Bd3 dxc4 11. Nxc4 Bxc3+ 12. bxc3 Qg5 13. O-O h5 14. f4 Qh6 15. Ne5 Nd5 16. Qd2 Rd8 17. c4 Ne7 18. Qb4 Qf6 19. Rae1 b6 20. Be4 Bb7 21. c5 b5 22. Qa5 Rdc8 23. a4 a6 24. Nd7 Qh6 25. Nb6 g6 26. Nxa8 Bxa8 27. Qxa6 bxa4 28. Rb1 Qf8 29. Rb6 Kg7 30. Rfb1 Nd5 31. Bxd5 exd5 32. Qxa4 Qe8 33. Qb3 Qe7 34. Ra1 h4 35. h3 Kf6 36. Ra3 Ke6 37. Rb8 Qc7 38. Raxa8 1-0

[Event "TUR-ch Veterans 2019"]
[Site "Belek"]
[Date "2019.01.20"]
[Round "1.3"]
[White "Tepeli, Huseyin"]
[Black "Karadag, Eflatun Cem"]
[Result "1/2-1/2"]
[ECO "C54"]
[WhiteElo "1553"]
[BlackElo "1927"]
[Annotator "NA"]
[PlyCount "42"]
[EventDate "2019.01.20"]
[EventType "swiss"]
[EventCountry "TUR"]
[SourceTitle "playchess.com"]
[Source "ChessBase"]
[SourceQuality "1"]
[TimeControl "5400+30"]

1. e4 e5 2. Nf3 Nc6 3. c3 Nf6 4. d4 exd4 5. e5 Ne4 6. cxd4 d5 7. Bb5 Bb4+ 8. Nbd2 O-O 9. O-O Nxd2 10. Bxd2 Bxd2 11. Qxd2 Ne7 12. Rac1 c6 13. Ba4 Bf5 14. Nh4 f6 15. Nxf5 Nxf5 16. g4 Nh4 17. f4 fxe5 18. dxe5 Qb6+ 19. Kh1 Rae8 20. Rce1 Ng6 21. e6 Qa6 1/2-1/2

[Event "TUR-ch Veterans 2019"]
[Site "Belek"]
[Date "2019.01.20"]
[Round "1.4"]
[White "Cetinkaya, Vedat Ali"]
[Black "Ozates, Veysel"]
[Result "1-0"]
[ECO "D47"]
[WhiteElo "2056"]
[BlackElo "1550"]
[Annotator "NA"]
[PlyCount "147"]
[EventDate "2019.01.20"]
[EventType "swiss"]
[EventCountry "TUR"]
[SourceTitle "playchess.com"]
[Source "ChessBase"]
[SourceQuality "1"]
[TimeControl "5400+30"]

1. d4 d5 2. c4 c6 3. e3 Nf6 4. Nf3 Nbd7 5. Bd3 e6 6. O-O Be7 7. Nc3 dxc4 8. Bxc4 O-O 9. e4 b5 10. Bd3 b4 11. Na4 Bb7 12. Bg5 Qa5 13. e5 Nd5 14. Bxe7 Nxe7 15. Ng5 h6 16. Ne4 Ba6 17. Bxa6 Qxa6 18. Nac5 Nxc5 19. Nxc5 Qb6 20. Nd7 Qb5 21. Nxf8 Rxf8 22. Qb3 Rd8 23. Rfd1 Nf5 24. a3 a5 25. axb4 axb4 26. d5 cxd5 27. Qa4 Qc4 28. Qa5 Rc8 29. Qa6 Qc2 30. Rd2 Qc1+ 31. Rxc1 Rxc1+ 32. Qf1 Rxf1+ 33. Kxf1 Kf8 34. Rd3 Ne7 35. f4 h5 36. Rd1 Ke8 37. Ra1 Nc6 38. Ra8+ Kd7 39. Ke2 g6 40. Kd3 Ke7 41. Ra6 Kd7 42. Rb6 Kc7 43. Rb5 Kc8 44. Rb6 Kc7 45. Ra6 Kb7 46. Ra4 Kb8 47. Kc2 Kb7 48. Kb3 Kb8 49. Ra1 Kb7 50. g3 Nd4+ 51. Ka4 Kb6 52. Rc1 Nc6 53. Rc2 Kb7 54. Rc5 Kb6 55. Rc1 d4 56. b3 g5 57. h4 gxf4 58. gxf4 Ne7 59. Rc4 Nc6 60. Rc2 Ne7 61. Kxb4 Nd5+ 62. Kc4 Ne3+ 63. Kd3 Nxc2 64. Kxc2 Kc5 65. Kd3 Kb4 66. Kxd4 Kxb3 67. Kc5 Kc3 68. Kd6 Kd4 69. Ke7 Ke4 70. Kxf7 Kf5 71. Ke7 Kg4 72. Kxe6 Kxh4 73. f5 Kg3 74. f6 1-0

[Event "TUR-ch Veterans 2019"]
[Site "Belek"]
[Date "2019.01.20"]
[Round "1.6"]
[White "Yasin, Hur"]
[Black "Ipek, Suat Sukru"]
[Result "1-0"]
[ECO "C62"]
[WhiteElo "2004"]
[BlackElo "1592"]
[Annotator "NA"]
[PlyCount "53"]
[EventDate "2019.01.20"]
[EventType "swiss"]
[EventCountry "TUR"]
[SourceTitle "playchess.com"]
[Source "ChessBase"]
[SourceQuality "1"]
[TimeControl "5400+30"]

1. e4 e5 2. Nf3 Nc6 3. Bb5 d6 4. d4 Bd7 5. c4 Nxd4 6. Bxd7+ Qxd7 7. Nxd4 exd4 8. Qxd4 c5 9. Qd3 Nf6 10. Nc3 Be7 11. O-O h6 12. Rd1 O-O-O 13. Rb1 Qc6 14. b4 g5 15. a4 Kb8 16. a5 cxb4 17. Nd5 Nxd5 18. exd5 Qa4 19. Bd2 Qxa5 20. Rxb4 Qc7 21. Rdb1 b6 22. Be3 Kc8 23. Bxb6 axb6 24. Rxb6 Qa7 25. Qb3 Qa5 26. Qh3+ Rd7 27. Rb8+ 1-0

[Event "TUR-ch Veterans 2019"]
[Site "Belek"]
[Date "2019.01.20"]
[Round "1.8"]
[White "Ozkoc, Ali"]
[Black "Unver, Ibrahim Kaya"]
[Result "1/2-1/2"]
[ECO "A45"]
[WhiteElo "1773"]
[BlackElo "1379"]
[Annotator "NA"]
[PlyCount "54"]
[EventDate "2019.01.20"]
[EventType "swiss"]
[EventCountry "TUR"]
[SourceTitle "playchess.com"]
[Source "ChessBase"]
[SourceQuality "1"]
[TimeControl "5400+30"]

1. d4 Nf6 2. Bf4 e6 3. e3 c5 4. c3 Nc6 5. Nd2 cxd4 6. exd4 Nd5 7. Bg3 Be7 8. Ngf3 O-O 9. Bd3 b6 10. Nc4 d6 11. Ne3 Nf6 12. Qe2 Bb7 13. Rd1 d5 14. Ne5 Rc8 15. f4 g6 16. Bf2 Nh5 17. Qf3 Nxe5 18. fxe5 Qd7 19. g4 Ng7 20. Bg3 f6 21. Qg2 fxe5 22. Bxe5 Bh4+ 23. Bg3 Qe7 24. Kd2 Rf7 25. Rhf1 Rcf8 26. Rxf7 Rxf7 27. Rf1 Bg5 1/2-1/2

[Event "TUR-ch Veterans 2019"]
[Site "Belek"]
[Date "2019.01.20"]
[Round "1.10"]
[White "Aysoy, Veysi"]
[Black "Colak, Mehmet"]
[Result "1-0"]
[ECO "B26"]
[WhiteElo "1933"]
[BlackElo "1449"]
[Annotator "NA"]
[PlyCount "61"]
[EventDate "2019.01.20"]
[EventType "swiss"]
[EventCountry "TUR"]
[SourceTitle "playchess.com"]
[Source "ChessBase"]
[SourceQuality "1"]
[TimeControl "5400+30"]

1. e4 c5 2. Nc3 Nc6 3. Nge2 g6 4. g3 Bg7 5. Bg2 e6 6. d3 Nge7 7. Be3 d6 8. Qd2 a6 9. Bh6 O-O 10. h4 Ne5 11. Bxg7 Kxg7 12. h5 Ng8 13. O-O-O Ng4 14. Rdf1 e5 15. f4 N8h6 16. Kb1 b5 17. Nd5 b4 18. Bf3 Ra7 19. Ne3 Nxe3 20. Qxe3 Ng4 21. Qd2 Rh8 22. Rh4 f5 23. Rfh1 Nf2 24. R1h2 Ng4 25. Bxg4 fxg4 26. hxg6 Kxg6 27. fxe5 h5 28. Nf4+ Kf7 29. Qf2 Ke8 30. Nxh5 Rxh5 31. Rxh5 1-0

[Event "TUR-ch Veterans 2019"]
[Site "Belek"]
[Date "2019.01.20"]
[Round "1.11"]
[White "Turkmen, Musa"]
[Black "Sedef, Emin"]
[Result "1/2-1/2"]
[ECO "C01"]
[WhiteElo "1393"]
[BlackElo "1632"]
[Annotator "NA"]
[PlyCount "73"]
[EventDate "2019.01.20"]
[EventType "swiss"]
[EventCountry "TUR"]
[SourceTitle "playchess.com"]
[Source "ChessBase"]
[SourceQuality "1"]
[TimeControl "5400+30"]

1. e4 e6 2. Nf3 d5 3. exd5 exd5 4. d4 Nf6 5. Bg5 Bd6 6. Nc3 c6 7. h3 O-O 8. Be2 h6 9. Bxf6 Qxf6 10. O-O Be6 11. a3 Nd7 12. b4 b5 13. Qd2 Bf4 14. Qd1 Nb6 15. Bd3 Nc4 16. Bxc4 bxc4 17. Ne2 Bd6 18. Ng3 a5 19. c3 axb4 20. axb4 Rxa1 21. Qxa1 Bxh3 22. Ne5 Bc8 23. f4 Bxe5 24. fxe5 Qg6 25. Qe1 Be6 26. Qf2 Ra8 27. Nf5 Qg5 28. Nd6 Qe7 29. Qg3 Ra3 30. Nf5 Bxf5 31. Rxf5 Qxb4 32. Rf6 Rxc3 33. Qg4 Rc1+ 34. Kh2 Qe1 35. Qc8+ Kh7 36. Qf5+ Kg8 37. Qc8+ 1/2-1/2

[Event "TUR-ch Veterans 2019"]
[Site "Belek"]
[Date "2019.01.20"]
[Round "1.13"]
[White "Saglam, Sami"]
[Black "Yuksel, Mustafa"]
[Result "0-1"]
[ECO "C01"]
[WhiteElo "1424"]
[BlackElo "2031"]
[Annotator "NA"]
[PlyCount "78"]
[EventDate "2019.01.20"]
[EventType "swiss"]
[EventCountry "TUR"]
[SourceTitle "playchess.com"]
[Source "ChessBase"]
[SourceQuality "1"]
[TimeControl "5400+30"]

1. e4 e6 2. d4 d5 3. exd5 exd5 4. Nf3 Nc6 5. h3 Bd6 6. Bd3 Nge7 7. c3 Bf5 8. O-O Qd7 9. Bxf5 Qxf5 10. Re1 O-O-O 11. Be3 f6 12. Nh4 Qd7 13. f4 g5 14. fxg5 fxg5 15. Bxg5 Rhg8 16. Qh5 Rxg5 17. Qxg5 Rg8 18. Qe3 Bg3 19. Nf3 Bxe1 20. Nxe1 Nf5 21. Qf4 Ng3 22. Kh2 Nh5 23. Qf3 Qd6+ 24. Kg1 Ng3 25. Nd2 h5 26. Nd3 Rf8 27. Qe3 Nf5 28. Qg5 Nce7 29. Ne5 h4 30. Rf1 b6 31. Rf3 Kb7 32. Nf1 Qe6 33. a4 Rg8 34. Qh5 Rg7 35. b4 Qg8 36. Ng4 Rg5 37. Rxf5 Nxf5 38. Qxg5 Qxg5 39. Ne5 Ne3 0-1

[Event "TUR-ch Veterans 2019"]
[Site "Belek"]
[Date "2019.01.20"]
[Round "1.13"]
[White "Saglam, Sami"]
[Black "Yuksel, Mustafa"]
[Result "*"]
[ECO "D02"]
[WhiteElo "1424"]
[BlackElo "2031"]
[Annotator "NA"]
[PlyCount "20"]
[EventDate "2019.01.20"]
[EventType "swiss"]
[EventCountry "TUR"]
[SourceTitle "playchess.com"]
[Source "ChessBase"]
[SourceQuality "1"]
[TimeControl "5400+30"]

1. d4 Nf6 2. Bf4 d5 3. e3 e6 4. Nd2 c5 5. c3 Nc6 6. Ngf3 Be7 7. Bd3 Nh5 8. Bg3 Nxg3 9. hxg3 g6 10. Bb5 a6 *

[Event "TUR-ch Veterans 2019"]
[Site "Belek"]
[Date "2019.01.20"]
[Round "1.14"]
[White "Cicek, Cemil"]
[Black "Tekeli, Savran"]
[Result "1-0"]
[ECO "C02"]
[WhiteElo "1999"]
[BlackElo "1478"]
[Annotator "NA"]
[PlyCount "71"]
[EventDate "2019.01.20"]
[EventType "swiss"]
[EventCountry "TUR"]
[SourceTitle "playchess.com"]
[Source "ChessBase"]
[SourceQuality "1"]
[TimeControl "5400+30"]

1. e4 e6 2. d4 d5 3. e5 c5 4. c3 Nc6 5. Nf3 f6 6. exf6 Nxf6 7. Bd3 cxd4 8. cxd4 Bb4+ 9. Nc3 Ne4 10. Qc2 Qb6 11. Bxe4 Nxd4 12. Nxd4 Qxd4 13. Bd3 Qe5+ 14. Kf1 d4 15. Qa4+ Bd7 16. Qxb4 dxc3 17. Qxc3 Qd5 18. Bc4 Qd1+ 19. Qe1 Qg4 20. Be2 Qg6 21. Qb4 Bc6 22. f3 Rf8 23. Be3 a5 24. Qc3 Kf7 25. h4 Kg8 26. h5 Qf7 27. h6 g6 28. Rh4 Qf6 29. Qxf6 Rxf6 30. Rd4 Raf8 31. Rad1 e5 32. Bc4+ Kh8 33. Rd8 Be8 34. Bc5 b5 35. Bxf8 Rxf8 36. Bf7 1-0

[Event "TUR-ch Veterans 2019"]
[Site "Belek"]
[Date "2019.01.20"]
[Round "1.15"]
[White "Cabi, Mehmet"]
[Black "Muratoglu, Salih"]
[Result "0-1"]
[ECO "C24"]
[WhiteElo "1194"]
[BlackElo "1950"]
[Annotator "NA"]
[PlyCount "68"]
[EventDate "2019.01.20"]
[EventType "swiss"]
[EventCountry "TUR"]
[SourceTitle "playchess.com"]
[Source "ChessBase"]
[SourceQuality "1"]
[TimeControl "5400+30"]

1. e4 d6 2. Bc4 Nf6 3. d3 e5 4. h3 Be7 5. Nf3 c6 6. Nc3 Nbd7 7. Be3 Qa5 8. O-O d5 9. exd5 cxd5 10. Bd2 dxc4 11. dxc4 O-O 12. Nd5 Qd8 13. Re1 e4 14. Bc3 Nxd5 15. cxd5 exf3 16. Qxf3 Bf6 17. Bb4 Re8 18. c3 a5 19. Ba3 Ne5 20. Qe4 Bd7 21. c4 b5 22. cxb5 Bxb5 23. Rad1 Nd3 24. Qxe8+ Bxe8 25. Rxd3 Bb5 26. Rdd1 h5 27. b3 Rc8 28. Bc1 Rc2 29. a4 Bd7 30. Bf4 Qb6 31. Be3 Qxb3 32. d6 Qxa4 33. Bb6 Re2 34. Ra1 Bxa1 0-1

[Event "TUR-ch Veterans 2019"]
[Site "Belek"]
[Date "2019.01.20"]
[Round "1.16"]
[White "Topaloglu, Hayati"]
[Black "Cifci, Alaettin"]
[Result "1-0"]
[ECO "C00"]
[WhiteElo "1740"]
[BlackElo "1294"]
[Annotator "NA"]
[PlyCount "61"]
[EventDate "2019.01.20"]
[EventType "swiss"]
[EventCountry "TUR"]
[SourceTitle "playchess.com"]
[Source "ChessBase"]
[SourceQuality "1"]
[TimeControl "5400+30"]

1. e4 c5 2. f4 e6 3. Nf3 Nc6 4. c3 d5 5. e5 g6 6. d4 cxd4 7. cxd4 Bg7 8. Nc3 a6 9. a3 Nge7 10. Bd3 O-O 11. O-O b5 12. b4 a5 13. Nxb5 axb4 14. Nd6 bxa3 15. Rxa3 Rxa3 16. Bxa3 Qa5 17. Bc5 Ba6 18. h4 Nb4 19. Bxb4 Qxb4 20. Bxa6 Nf5 21. Nxf5 gxf5 22. Kh2 Kh8 23. Ng5 h6 24. Nf3 f6 25. Qe2 Qe7 26. g3 Qa7 27. Bd3 fxe5 28. Nxe5 Rb8 29. Nc6 Qb7 30. Nxb8 Qxb8 31. Qxe6 1-0

[Event "TUR-ch Veterans 2019"]
[Site "Belek"]
[Date "2019.01.20"]
[Round "1.17"]
[White "Sahin, Ali Haydar"]
[Black "Altin, Halis"]
[Result "1/2-1/2"]
[ECO "D02"]
[WhiteElo "1411"]
[BlackElo "1642"]
[Annotator "NA"]
[PlyCount "109"]
[EventDate "2019.01.20"]
[EventType "swiss"]
[EventCountry "TUR"]
[SourceTitle "playchess.com"]
[Source "ChessBase"]
[SourceQuality "1"]
[TimeControl "5400+30"]

1. d4 Nf6 2. Bf4 d5 3. e3 e6 4. Nd2 c5 5. c3 Nc6 6. Ngf3 Be7 7. Bd3 Nh5 8. Bg3 Nxg3 9. hxg3 g6 10. Bb5 a6 11. Bxc6+ bxc6 12. Ne5 Qc7 13. c4 Bf6 14. Ndf3 cxd4 15. exd4 Bd7 16. cxd5 Qa5+ 17. Kf1 Qxd5 18. Rc1 O-O 19. Qd2 Bg7 20. Rc5 Qd6 21. Qc3 Rfc8 22. a4 Rab8 23. a5 Rb5 24. b4 Rxc5 25. Qxc5 Qxc5 26. dxc5 Be8 27. Ke2 Rd8 28. Rc1 f6 29. Nc4 g5 30. g4 Bg6 31. Nd6 Bf8 32. Rd1 h5 33. Nh2 Bxd6 34. cxd6 Kf7 35. Ke3 e5 36. g3 Ke6 37. f4 gxf4+ 38. gxf4 exf4+ 39. Kxf4 Rxd6 40. Rxd6+ Kxd6 41. gxh5 Bxh5 42. Ke4 c5 43. bxc5+ Kxc5 44. Kf5 Be2 45. Kxf6 Kb5 46. Ke5 Kxa5 47. Kd4 Kb4 48. Ke3 Bh5 49. Kd2 Kb3 50. Nf1 Kb2 51. Ne3 Kb1 52. Kc3 Bf7 53. Kb4 Be8 54. Ka5 Bb5 55. Nd5 1/2-1/2

[Event "TUR-ch Veterans 2019"]
[Site "Belek"]
[Date "2019.01.20"]
[Round "1.18"]
[White "Bagci, Hikmet"]
[Black "Yilmaz, Huseyin"]
[Result "*"]
[ECO "C01"]
[WhiteElo "1548"]
[BlackElo "1321"]
[Annotator "NA"]
[PlyCount "22"]
[EventDate "2019.01.20"]
[EventType "swiss"]
[EventCountry "TUR"]
[SourceTitle "playchess.com"]
[Source "ChessBase"]
[SourceQuality "1"]
[TimeControl "5400+30"]

1. e4 e6 2. d4 d5 3. exd5 exd5 4. Nf3 Nc6 5. h3 Bd6 6. Bd3 Nge7 7. c3 Bf5 8. O-O Qd7 9. Bxf5 Qxf5 10. Re1 O-O-O 11. Be3 f6 *

[Event "TUR-ch Veterans 2019"]
[Site "Belek"]
[Date "2019.01.20"]
[Round "1.18"]
[White "Bagci, Hikmet"]
[Black "Yilmaz, Huseyin"]
[Result "0-1"]
[ECO "B38"]
[WhiteElo "1548"]
[BlackElo "1321"]
[Annotator "NA"]
[PlyCount "126"]
[EventDate "2019.01.20"]
[EventType "swiss"]
[EventCountry "TUR"]
[SourceTitle "playchess.com"]
[Source "ChessBase"]
[SourceQuality "1"]
[TimeControl "5400+30"]

1. e4 c5 2. Nf3 Nc6 3. d4 cxd4 4. Nxd4 g6 5. c4 Bg7 6. Be3 e6 7. Nc3 Nge7 8. Qd2 O-O 9. O-O-O a6 10. Kb1 d5 11. Nxc6 bxc6 12. exd5 cxd5 13. cxd5 exd5 14. Nxd5 Bf5+ 15. Ka1 Rb8 16. Nc3 Qa5 17. Bd3 Rfd8 18. Qc2 Be6 19. a3 Rdc8 20. Bd2 Nd5 21. Qa4 Qb6 22. Qc2 Qc6 23. Be4 Qc5 24. Bxd5 Bxd5 25. Be3 Qf8 26. Bd4 Bb3 27. Qe2 Bxd4 28. Rxd4 Rxc3 29. Qxa6 Rcc8 30. Re1 Qc5 31. Qd3 Be6 32. Qd2 Qb6 33. Rd3 Qc7 34. h3 Qc4 35. b4 Ra8 36. Rd1 Qc6 37. f3 Qa4 38. Qb2 Bf5 39. R3d2 Qxa3+ 40. Qxa3 Rxa3+ 41. Kb2 Raa8 42. g4 Be6 43. Ra1 Rxa1 44. Kxa1 Ra8+ 45. Kb1 Ra3 46. b5 Rxf3 47. b6 Rb3+ 48. Rb2 Rxb2+ 49. Kxb2 Bd5 50. Kc3 Kf8 51. Kd4 Bb7 52. g5 Ke7 53. Ke5 Bc6 54. h4 Bb7 55. Kf4 Kd6 56. Kg3 Kc5 57. h5 gxh5 58. Kh4 Kxb6 59. Kxh5 Be4 60. Kh6 Kc7 61. Kg7 Bg6 62. Kh6 Kd6 63. Kg7 Ke5 0-1

[Event "TUR-ch Veterans 2019"]
[Site "Belek"]
[Date "2019.01.20"]
[Round "1.19"]
[White "Kara, Senal"]
[Black "Bapoglu, Ibrahim"]
[Result "0-1"]
[ECO "B06"]
[WhiteElo "1315"]
[BlackElo "1549"]
[Annotator "NA"]
[PlyCount "126"]
[EventDate "2019.01.20"]
[EventType "swiss"]
[EventCountry "TUR"]
[SourceTitle "playchess.com"]
[Source "ChessBase"]
[SourceQuality "1"]
[TimeControl "5400+30"]

1. e4 g6 2. Nf3 Bg7 3. d4 d6 4. Bc4 e6 5. Nc3 Ne7 6. Be3 c6 7. Ne2 d5 8. Bd3 dxe4 9. Bxe4 Nf5 10. Qd2 Nxe3 11. fxe3 Nd7 12. O-O O-O 13. c4 Nf6 14. Ng3 Nxe4 15. Nxe4 b6 16. Rad1 Bb7 17. c5 Qc7 18. b4 b5 19. Nd6 a5 20. a3 axb4 21. axb4 Ra4 22. Rf2 f6 23. e4 Ra7 24. e5 Raa8 25. Rdf1 fxe5 26. h4 Rad8 27. dxe5 Bc8 28. Qg5 Rd7 29. Nd4 Rdd8 30. h5 Rxf2 31. Rxf2 Rf8 32. Rxf8+ Kxf8 33. Nxc8 Qxc8 34. hxg6 hxg6 35. Qxg6 Bxe5 36. Nxe6+ Ke7 37. Ng5 Bd4+ 38. Kf1 Qf8+ 39. Nf3 Bf6 40. Ke2 Kd8 41. Qd3+ Kc7 42. Qe4 Qf7 43. g4 Qa2+ 44. Ke3 Qb3+ 45. Kf4 Bc3 46. g5 Bxb4 47. g6 Bxc5 48. Ne5 Qe6 49. Qf5 Be3+ 50. Kg4 Qxf5+ 51. Kxf5 Bh6 52. Nf7 Bg7 53. Ng5 b4 54. Ne6+ Kb6 55. Nxg7 b3 56. Ne6 b2 57. g7 b1=Q+ 58. Kf6 Qh7 59. Kf7 Qf5+ 60. Ke7 Qg6 61. Kd6 c5 62. Kd5 c4 63. Kd4 Qxe6 0-1

[Event "TUR-ch Veterans 2019"]
[Site "Belek"]
[Date "2019.01.20"]
[Round "1.20"]
[White "Buyukgokcesu, Tahir Sami"]
[Black "Erakman, Muhittin"]
[Result "1-0"]
[ECO "B40"]
[WhiteElo "1557"]
[BlackElo "1300"]
[Annotator "NA"]
[PlyCount "69"]
[EventDate "2019.01.20"]
[EventType "swiss"]
[EventCountry "TUR"]
[SourceTitle "playchess.com"]
[Source "ChessBase"]
[SourceQuality "1"]
[TimeControl "5400+30"]

1. e4 e6 2. d3 d5 3. Nd2 c5 4. Ngf3 Be7 5. g3 Nf6 6. Bg2 Nc6 7. c3 Qc7 8. O-O Bd7 9. Re1 h6 10. e5 Nh7 11. Nf1 g5 12. Qe2 g4 13. N3d2 h5 14. f4 gxf3 15. Nxf3 O-O-O 16. c4 d4 17. Bf4 Rdg8 18. N1d2 h4 19. gxh4 Qd8 20. Bg3 Nf8 21. Ne4 Rg7 22. Rf1 Ng6 23. Neg5 Bxg5 24. hxg5 Rgh7 25. Rf2 Nce7 26. a3 Nf5 27. b4 Ngh4 28. Nxh4 Nxh4 29. Be4 Rh5 30. Rxf7 Rxg5 31. Bxb7+ Kxb7 32. Qe4+ Kb6 33. bxc5+ Kxc5 34. Qb7 Bc6 35. Qb4# 1-0

[Event "TUR-ch Veterans 2019"]
[Site "Belek"]
[Date "2019.01.21"]
[Round "2.1"]
[White "Tofan, Ibrahim"]
[Black "Onem, Cem"]
[Result "1/2-1/2"]
[ECO "C54"]
[WhiteElo "2070"]
[BlackElo "1840"]
[Annotator "NA"]
[PlyCount "147"]
[EventDate "2019.01.20"]
[EventType "swiss"]
[EventCountry "TUR"]
[SourceTitle "playchess.com"]
[Source "ChessBase"]
[SourceQuality "1"]
[TimeControl "5400+30"]

1. e4 e5 2. Nf3 Nc6 3. Bc4 Bc5 4. c3 Nf6 5. d3 d6 6. a4 a6 7. O-O O-O 8. Na3 {[%emt 0:03:30] C54: Giuoco Piano: 4 c3 Nf6, main lines with 5 d4 and 5 d3} (8. h3 Ba7 9. Re1 Ne7 10. d4 Ng6 11. Nbd2 c6 12. b4 exd4 13. cxd4 d5 14. Bd3 dxe4 15. Nxe4 Nxe4 16. Bxe4 {½-½ (24) Malakhov,V (2666)-Tomashevsky,E (2702) Biograd 2018}) 8... Ba7 9. Bg5 h6 10. Bh4 {[%emt 0:04:30] LiveBook: 13 Games} Bg4 11. h3 Bxf3 $146 ({Predecessor:} 11... Bh5 12. Bb3 g5 13. Bg3 Kh7 14. Nc2 Rg8 {1-0 (32) Brunello,M (2336)-Guichard,P (2386) Mulhouse 2016}) 12. Qxf3 g5 13. Bg3 Nh7 14. Nc2 Qf6 15. Qe2 Rad8 (15... Qg6 $142) 16. Ne3 (16. Bd5 $142) 16... Ne7 17. Rad1 Qg7 18. Nd5 Nxd5 19. Bxd5 c6 20. Ba2 Kh8 21. Kh2 Rfe8 22. f3 Nf6 23. Bf2 Bxf2 24. Qxf2 Nh5 25. d4 Nf4 26. g3 Ng6 27. d5 c5 28. Bc4 Rc8 29. b3 f6 30. Rg1 Qd7 31. a5 Re7 32. Bd3 Rh7 33. Rh1 h5 34. Kg1 h4 35. g4 Nf4 36. Bc4 Qd8 37. Ra1 Ra8 38. Kh2 Rc7 39. Rhc1 Rcc8 40. Qa2 b6 41. axb6 Qxb6 42. Qa5 Rcb8 43. Qxb6 Rxb6 44. Ra5 Rab8 45. Rb1 Kg7 46. Rb2 Kf7 47. Ra3 Ra8 48. Rba2 Rab8 49. Rxa6 Rxa6 50. Rxa6 Ke7 51. Ra4 Rc8 52. Ra7+ Kf8 53. Ra4 Rc7 54. Bb5 Rb7 55. c4 Ne2 56. Ra8+ Kg7 57. Ra6 Nd4 58. Rxd6 Nxb5 59. cxb5 Rxb5 60. Rd7+ Kf8 $11 61. Rc7 Rxb3 62. Kg2 Rc3 63. Kf2 Ke8 64. Ke2 c4 65. Rc6 Ke7 66. Rc7+ Ke8 67. Rc8+ Ke7 68. Rc6 Rc2+ 69. Ke3 Rc3+ 70. Ke2 Rc2+ 71. Ke1 Rc3 72. Ke2 Rc2+ 73. Ke3 Rc3+ 74. Ke2 1/2-1/2

[Event "TUR-ch Veterans 2019"]
[Site "Belek"]
[Date "2019.01.21"]
[Round "2.2"]
[White "Azizoglu, Ayhan"]
[Black "Buker, Muhittin"]
[Result "0-1"]
[ECO "C45"]
[WhiteElo "1861"]
[BlackElo "1978"]
[Annotator "NA"]
[PlyCount "76"]
[EventDate "2019.01.20"]
[EventType "swiss"]
[EventCountry "TUR"]
[SourceTitle "playchess.com"]
[Source "ChessBase"]
[SourceQuality "1"]
[TimeControl "5400+30"]

1. e4 e5 2. Nf3 Nc6 3. d4 exd4 4. Nxd4 Bc5 5. Be3 Qf6 6. c3 Nge7 7. Bc4 Ne5 8. Be2 Qg6 9. O-O d6 10. Bh5 {[%emt 0:04:30] LiveBook: 14 Games} Qxe4 11. Nd2 Qh4 {[%emt 0:04:30] C45: Scotch Game} (11... Qd3 12. Be2 Qg6 13. Bh5 Qd3 14. Be2 Qg6 15. Bh5 {½-½ (15) Khamrakulov,D (2533)-Svetushkin,D (2588) Dresden 2008}) 12. g3 Qh3 13. Ne4 Bg4 14. Qa4+ N7c6 $146 ({Predecessor:} 14... c6 15. Bxg4 Nxg4 16. Nf3 Nxe3 17. fxe3 Bxe3+ 18. Kh1 Qh6 19. Qb3 {0-1 (26) Borgmeyer,M (2067)-Mueller,P (1894) Dresden 2008}) 15. Nxc5 Qxh5 16. Nd3 b5 17. Nxe5 bxa4 18. Nexc6 O-O 19. f3 Bd7 20. g4 Qh3 21. Ne7+ Kh8 22. Ndf5 Bxf5 23. Nxf5 Rfe8 24. Rae1 f6 25. Re2 g6 26. Ng3 h5 27. Bd4 Rxe2 28. Bxf6+ Kg8 29. Nxe2 Rf8 30. g5 Re8 31. Rf2 c5 $19 32. f4 Re3 33. a3 h4 34. c4 Qe6 35. f5 gxf5 36. Nf4 Qe4 37. Nd5 Re1+ 38. Rf1 Qg4+ 0-1

[Event "TUR-ch Veterans 2019"]
[Site "Belek"]
[Date "2019.01.21"]
[Round "2.3"]
[White "Taskiran, Erol"]
[Black "Cetinkaya, Vedat Ali"]
[Result "1-0"]
[ECO "E29"]
[WhiteElo "1758"]
[BlackElo "2056"]
[Annotator "NA"]
[PlyCount "69"]
[EventDate "2019.01.20"]
[EventType "swiss"]
[EventCountry "TUR"]
[SourceTitle "playchess.com"]
[Source "ChessBase"]
[SourceQuality "1"]
[TimeControl "5400+30"]

1. d4 Nf6 2. c4 e6 3. Nc3 Bb4 4. Nf3 O-O 5. a3 Bxc3+ 6. bxc3 c5 7. e3 Nc6 8. Bd3 b6 9. O-O Ba6 {[%emt 0:00:30] LiveBook: 4 Games} 10. e4 {[%emt 0:11:30] E29: Nimzo-Indian: Sämisch: 5...0-0 6 e3 c5 7 Bd3 Nc6} d6 (10... Ne8 11. e5 f5 {½-½ (11) Tugui,A (2381)-Dumitrache,D (2452) Mamaia 2012}) 11. e5 dxe5 12. dxe5 Nd7 $146 ({Predecessor:} 12... Ng4 13. Bxh7+ Kh8 14. Bd3 Qc7 15. h3 Rad8 16. Qe2 Ngxe5 17. Nxe5 Qxe5 {½-½ (58) Ribeiro,A (1853)-Da Silva,D Pocos de Caldas 2017}) 13. Bxh7+ Kxh7 14. Ng5+ Kg6 15. Qd3+ f5 16. Qg3 $2 (16. exf6+ $1 $18 Kxf6 17. Qf3+ Ke7 18. Qxc6 Bxc4 19. Rd1) 16... Qe7 17. Nxe6+ {[%emt 0:05:30] [#]} (17. Re1 $14) 17... Kh7 $17 18. Nxf8+ Rxf8 19. f4 Nd8 20. Be3 Ne6 21. Rfd1 Rd8 22. Rd6 Ndf8 23. Rad1 g6 24. h4 Bxc4 25. Rxd8 Nxd8 26. h5 gxh5 27. Qh3 Be6 28. Qxh5+ Kg7 29. Kf2 Nf7 30. Rh1 Nd8 31. Rh3 Ng6 32. Qh7+ Kf8 33. Qxg6 Qf7 34. Rh8+ Ke7 35. Rh7 1-0

[Event "TUR-ch Veterans 2019"]
[Site "Belek"]
[Date "2019.01.21"]
[Round "2.4"]
[White "Guner, Bulent"]
[Black "Yalciner, Suleyman"]
[Result "1-0"]
[ECO "D46"]
[WhiteElo "1987"]
[BlackElo "1491"]
[Annotator "NA"]
[PlyCount "47"]
[EventDate "2019.01.20"]
[EventType "swiss"]
[EventCountry "TUR"]
[SourceTitle "playchess.com"]
[Source "ChessBase"]
[SourceQuality "1"]
[TimeControl "5400+30"]

1. d4 d5 2. c4 e6 3. Nc3 c6 4. e3 Bd6 5. Nf3 Nf6 6. Bd3 O-O 7. O-O Nbd7 8. e4 dxe4 9. Nxe4 Nxe4 10. Bxe4 Nf6 11. Bc2 c5 12. Bg5 cxd4 {[%emt 0:00:30] LiveBook: 11 Games} 13. Qxd4 Be7 {[%emt 0:01:30] D46: Semi-Slav: 5 e3 Nbd7 6 Bd3, Black avoids the Meran} 14. Qh4 h6 15. Bxh6 g6 $146 ({Predecessor:} 15... gxh6 16. Qxh6 Bd6 17. Rad1 {1-0 (17) Paravyan,D (2603)-Alieva,A (2100) Moscow 2018}) 16. Rad1 Qe8 17. Bg5 Kg7 18. Qh6+ Kg8 19. Rd4 Nh5 20. Rh4 f5 21. Bxe7 Qxe7 22. Qxg6+ Ng7 23. Ng5 Qf6 24. Qh7# 1-0